 Dungeon Crawl Stone Soup version 0.28-a0-895-g6e5f11bd55 (webtiles) character file.

Game seed: 13359998823730997392

260448 kae the Brawler (level 19, -14/179 (191) HPs)
             Began as a Grey Draconian Transmuter on Nov 22, 2021.
             Was the Champion of Ru.
             Shot with a bolt by an orc knight (19 damage)
             ... on level 2 of the Vaults on Nov 23, 2021.
             The game lasted 00:52:52 (50663 turns).

kae the Brawler (Grey Draconian Transmuter)        Turns: 50663, Time: 00:52:53

HP:   -14/179 (191) AC: 27    Str: 16    XL:     19   Next: 17%
MP:   25/25         EV: 20    Int: 20    God:    Ru [******]
Gold: 2589          SH:  0    Dex: 16    Spells: 17/36 levels left

rFire   . . .      SeeInvis .     - Unarmed
rCold   + + +      Faith    +   (shield currently unavailable)
rNeg    + . .      Spirit   .   (armour unavailable)
rPois   +          Reflect  .   O - +0 hat of Fumyqao {Int+2}
rElec   +          Harm     .   j - +2 cloak
rCorr   .          Rampage  .   (gloves currently unavailable)
Will    ++++.      Clarity  +   P - +4 pair of boots "Mellyseg" {Will+++ Stlth+}
Stlth   ..........              L - amulet of Itifof {Faith rElec rN+ Regen+}
HPRegen 1.39/turn               u - ring of poison resistance
MPRegen 0.19/turn               e - ring of Puuk {rC+++ AC+4 Dex+2}

@: lethally poisoned (-14 -> -14), exhausted, blade hands, frozen, unable to
drink, drained, very slow
A: AC +15, amphibious, unfitting armour, low mp 2, cold-blooded, inability to
drink while threatened, no stealth, inability to use devices, hated by all,
horns 1, thin skeletal structure 1, clarity, robust 1
}: 2/15 runes: serpentine, barnacled
a: End Transformation, Renounce Religion, Draw Out Power, Power Leap, Apocalypse


You were on level 2 of the Vaults.
You worshipped Ru.
Ru was exalted by your worship.
You had blades for hands.
You visited 7 branches of the dungeon, and saw 34 of its levels.

You collected 4659 gold pieces.
You spent 2070 gold pieces at shops.

Inventory:

Missiles
 y - 8 throwing nets
Armour
 i - a +0 pair of gloves of archery (melded)
 j - a +2 cloak (worn)
 O - the +0 hat of Fumyqao (worn) {Int+2}
   (You bought it in a shop on level 2 of the Snake Pit)

   Int:       It affects your intelligence (+2).
 P - the +4 pair of boots "Mellyseg" (worn) {Will+++ Stlth+}
   (You found it on level 4 of the Shoals)

   Will:      It greatly increases your willpower.
   Stlth:     It makes you more stealthy.
Jewellery
 e - the ring of Puuk (right blade hand) {rC+++ AC+4 Dex+2}
   (You bought it in a shop on level 3 of the Snake Pit)

   [ring of protection]

   AC:        It affects your AC (+4).
   Dex:       It affects your dexterity (+2).
   rC:        It renders you almost immune to cold.
 f - a ring of willpower
 g - a +4 ring of evasion
 k - a ring of see invisible
 u - a ring of poison resistance (left blade hand)
 B - the ring "Epucwi Mohu" {rElec AC+4}
   (You acquired it on level 2 of the Lair of Beasts)

   [ring of protection]

   AC:        It affects your AC (+4).
   rElec:     It insulates you from electricity.
 H - a +6 ring of dexterity
 J - a ring of protection from fire
 K - the amulet "Mirecw" {Acrobat rElec Int+3}
   (You found it on level 1 of the Snake Pit)

   [amulet of the acrobat]

   It increases your evasion while moving and waiting.
   Int:       It affects your intelligence (+3).
   rElec:     It insulates you from electricity.
 L - the amulet of Itifof (around neck) {Faith rElec rN+ Regen+}
   (You found it on level 1 of the Snake Pit)

   [amulet of faith]

   It allows you to gain divine favour quickly.
   rElec:     It insulates you from electricity.
   rN:        It protects you from negative energy.
   Regen:     It increases your rate of health regeneration.
 N - the amulet "Ylofaen" {Reflect rN+ rCorr SH+5}
   (You took it off a merfolk on level 4 of the Shoals)

   [amulet of reflection]

   It reflects blocked missile attacks.
   rN:        It protects you from negative energy.
   rCorr:     It protects you from acid and corrosion.
   SH:        It affects your SH (+5).
Scrolls
 m - a scroll of teleportation
 n - 3 scrolls of amnesia
 s - 4 scrolls of silence
 v - 2 scrolls of brand weapon
 A - 4 scrolls of holy word
 C - 16 scrolls of identify
 D - 3 scrolls of enchant weapon
 E - 2 scrolls of enchant armour
 F - 4 scrolls of magic mapping
 I - a scroll of fog
Potions
 a - a potion of resistance
 b - 6 potions of heal wounds
 c - 4 potions of flight
 d - 14 potions of curing
 h - 3 potions of lignification
 l - 3 potions of brilliance
 o - 4 potions of berserk rage
 q - 4 potions of attraction
 r - 4 potions of cancellation
 t - 3 potions of might
 w - a potion of ambrosia
 x - 3 potions of mutation
 z - 4 potions of haste
 G - 2 potions of invisibility
 M - a potion of magic


   Skills:
 + Level 16.4 Fighting
 + Level 14.0 Dodging
 + Level 20.0 Unarmed Combat
 - Level 9.1 Spellcasting
 * Level 18.5 Transmutations
 - Level 4.0 Ice Magic
 - Level 2.0 Poison Magic


You had 17 spell levels left.
You knew the following spells:

 Your Spells              Type           Power      Damage    Failure   Level
a - Beastly Appendage     Tmut           100%       N/A       3%          1
b - Spider Form           Tmut/Pois      50%        N/A       11%         3
c - Ice Form              Ice/Tmut       52%        N/A       13%         4
d - Blade Hands           Tmut           35%        N/A       7%          5
e - Statue Form           Tmut/Erth      30%        N/A       69%         6

Your spell library contained the following spells:

 Spells                   Type           Power      Damage    Failure   Level
 Wereblood                Tmut           70%        N/A       3%          2
 Passwall                 Tmut/Erth      38%        N/A       10%         2
 Ignite Poison            Fire/Tmut/Pois 36%        N/A       17%         3
 Freeze                   Ice            100%       1d11      19%         1
 Petrify                  Tmut/Erth      46%        N/A       19%         4
 Alistair's Intoxication  Tmut/Pois      33%        N/A       26%         5
 Frozen Ramparts          Ice            50%        1d7       30%         3
 Irradiate                Conj/Tmut      23%        3d21      32%         5
 Apportation              Tloc           18%        N/A       41%         1
 Foxfire                  Conj/Fire      36%        2x1d5     41%         1
 Shock                    Conj/Air       36%        1d5       41%         1
 Sublimation of Blood     Necr           9%         N/A       50%         2
 Mephitic Cloud           Conj/Pois/Air  11%        N/A       58%         3
 Conjure Flame            Conj/Fire      9%         6-21      65%         3
 Gell's Gravitas          Tloc           9%         N/A       65%         3
 Inner Flame              Hex/Fire       9%         N/A       65%         3
 Lesser Beckoning         Tloc           9%         N/A       65%         3
 Portal Projectile        Hex/Tloc       18%        N/A       65%         3
 Swiftness                Air            9%         N/A       65%         3
 Teleport Other           Tloc           9%         N/A       65%         3
 Hailstorm                Conj/Ice       17%        3d6       75%         4
 Airstrike                Air            4%         N/A       91%         4
 Flame Wave               Conj/Fire      9%         3d4       91%         4
 Fulminant Prism          Conj/Hex       4%         3d6       91%         4
 Iskenderun's Mystic Bla  Conj/Tloc      9%         2d4       91%         4
 Leda's Liquefaction      Hex/Erth       4%         N/A       91%         4
 Metabolic Englaciation   Hex/Ice        8%         N/A       95%         5
 Freezing Cloud           Conj/Ice/Air   7%         6-21      97%         5
 Excruciating Wounds      Necr           4%         N/A       99%         5
 Lee's Rapid Deconstruct  Erth           4%         3d6*      99%         5
 Summon Ice Beast         Ice/Summ       Unusable   N/A       N/A         4
 Summon Hydra             Summ           Unusable   N/A       N/A         7

Dungeon Overview and Level Annotations

Branches:
Dungeon (15/15)            Temple (1/1) D:5            Lair (6/6) D:10
 Shoals (4/4) Lair:2        Snake (4/4) Lair:4        Slime (0/5) Lair:6
    Orc (2/2) D:12            Elf (0/3) Orc:2        Vaults (2/5) D:13
 Depths (0/4) D:15
  Crypt: Vaults:2-3

Altars:
Ashenzari
Cheibriados
Dithmenos
Elyvilon
Fedhas
Gozag
Hepliaklqana
Kikubaaqudgha
Makhleb
Nemelex Xobeh
Okawaru
Qazlal
Ru
Sif Muna
Trog
Uskayaw
Vehumet
Wu Jian
Xom
Yredelemnul
Zin
The Shining One
Beogh

Shops:
D:14 :   Orc:2 [(*   Snake:2 [[!   Snake:3 =::   Vaults:1 [*(

Portals:
Trove: D:15 (give 2 scrolls of acquirement)

Annotations:
D:15 1 runed translucent door
Lair:6 2 transporters, exclusion: obsidian statue, lorenzova's ghost, journeyman DECj
Shoals:1 2 transporters, Anon1729's ghost, journeyman DsIE
Shoals:2 exclusion: oklob plant
Vaults:2 Sojobo


Innate Abilities, Weirdness & Mutations

You have blades for hands.
Your spellcasting is less reliable in this form.
You are incapable of wielding weapons or throwing items.
Your dull iron-grey scales are very hard. (AC +15)
You are amphibious.
You cannot fit into any form of body armour.
Your magical capacity is very low. (-20% MP)
You are cold-blooded and may be slowed by cold attacks.
You sometimes lose the ability to drink potions when taking damage.
You cannot be stealthy.
You cannot study or use magical devices.
You are hated by all.
You have a pair of small horns on your head.
You have a somewhat thin skeletal structure. (Dex +2, Stealth+)
You possess an exceptional clarity of mind.
You are robust. (+10% HP)


Message History

You resist.
The air elemental fires a burst of electricity at you.
The stunning burst hits you. You resist.
* * * LOW HITPOINT WARNING * * *
Sojobo hits you with a +4 great sword of electrocution!
* * * LOW HITPOINT WARNING * * *
Sojobo pecks you but does no damage. Sojobo claws you but does no damage.
You feel sick.
The air elemental fires a burst of electricity at you.
The stunning burst hits you but does no damage.
You suddenly lose the ability to move!
The air elemental begins to attack, but is stunned by your conviction! x2
The air elemental hits you but does no damage.
The air elemental begins to attack, but is stunned by your conviction!
The ironbound frostheart calls freezing cold from the walls.
The frost grips you! You partially resist.
* * * LOW HITPOINT WARNING * * *
You are encased in ice.
The air elemental hits you but does no damage. x2
A brief shower of sparks shoots from Sojobo's claws.
Sojobo hits you with a +4 great sword of electrocution.
* * * LOW HITPOINT WARNING * * *
Sojobo pecks you but does no damage. Sojobo claws you!
* * * LOW HITPOINT WARNING * * *
You can move again.
Your surroundings suddenly seem different.
A slime creature, 2 orc knights and an orc warlord come into view.
You feel sick.
The slime creature quivers.
The orc warlord shouts!
The orc knight shouts! x2
A slime creature comes into view.
The orc knight roars a battlecry!
The orcs go into a battle-frenzy!
The orc warlord completely misses you.
You redirect the orc knight's attack!
The orc knight hits the orc warlord with a +0 long sword!!
The orc knight unwields a +0 long sword.
The orc knight wields a +0 arbalest.
The orc knight shoots a bolt.
The bolt hits you!!
You die...

.....J...#
.........######
.......J.......
...............
...............
...............
....o..o.......
.......@o......
######+++######


You could see an orc warlord (strong), 2 orc knights and 2 slime creatures.

Vanquished Creatures
  Nikola (Shoals:2)
  A golden dragon (Vaults:1)
  A kraken (Shoals:4)
  Polyphemus (Shoals:2)
  A shadow dragon (Vaults:2)
  2 tengu reavers (Vaults:2)
  Kirke (Lair:2)
  Roxanne (Shoals:4)
  8 nagarajas
  8 vault wardens (Vaults:1)
  An orc warlord (Orc:2)
  3 very ugly things (Vaults:1)
  7 ironbound preservers
  A stone giant (Vaults:1)
  12 dire elephants
  An entropy weaver (Vaults:1)
  4 merfolk javelineers
  A fire dragon (Shoals:2)
  8 merfolk impalers
  Josephine (D:14)
  4 boulder beetles
  A peacekeeper (Vaults:2)
  3 yaktaur captains
  5 ironbound thunderhulks
  An ice dragon (Shoals:2)
  2 salamander tyrants (Snake:4)
  2 vault guards (Vaults:1)
  11 hydras
  A great orb of eyes (Vaults:1)
  15 naga warriors
  2 catoblepae
  A rakshasa (D:12)
  8 anacondas
  4 merfolk avatars
  5 ironbound frosthearts (Vaults:1)
  2 dancing weapons (D:13)
  12 merfolk aquamancers
  7 centaur warriors
  4 satyrs
  3 alligator snapping turtles (Shoals:4)
  2 death yaks (Shoals:2)
  A deep troll earth mage (Vaults:1)
  8 two-headed ogres
  An orc high priest (Orc:2)
  15 naga sharpshooters
  7 shock serpents
  A spectral death yak (Lair:6)
  5 skeletal warriors
  5 salamander mystics
  12 sea snakes
  2 glowing orange brains (Vaults:1)
  A spectral anaconda (Lair:6)
  A flayed ghost (D:15)
  10 deep trolls (Vaults:1)
  7 naga ritualists
  A wizard (Vaults:2)
  A golden dragon skeleton (D:15)
  13 harpies
  4 lindwurms (Vaults:1)
  4 necromancers
  5 mana vipers
  A deep elf pyromancer (D:13)
  5 ironbound convokers
  2 orc knights
  2 orc sorcerers
  An iron dragon zombie (D:15)
  18 manticores
  12 fauns
  6 cyclopes
  A phantasmal warrior (Vaults:1)
  10 ugly things
  2 fire giant skeletons (D:15)
  14 salamanders
  17 naga magi
  3 water nymphs
  11 merfolk sirens
  2 guardian serpents (Snake:2)
  13 elephants
  6 vault sentinels
  27 black mambas
  3 gargoyles
  11 cane toads
  An unseen horror (D:12)
  3 torpor snails
  Maggie (D:6)
  6 komodo dragons
  4 rime drakes
  An efreet (D:15)
  5 kobold demonologists
  11 yaktaurs
  44 merfolk
  12 trolls
  3 meliai (D:15)
  2 polar bears
  A hornet (shapeshifter) (D:15)
  Grinder (D:4)
  3 wind drakes
  14 dream sheep
  3 spectral elephants (Lair:6)
  3 blink frogs (Lair:5)
  9 snapping turtles
  27 slime creatures
  A shadow (D:13)
  Sigmund (D:2)
  A centaur simulacrum (D:12)
  A redback (Vaults:1)
  7 wraiths
  55 yaks
  A tarantella (Vaults:1)
  17 water elementals
  A hog (shapeshifter) (D:15)
  3 wyverns
  5 humans (Shoals:1)
  8 basilisks
  A hog (Lair:2)
  2 death yak simulacra (Lair:6)
  Grum (D:10)
  9 vampire mosquitoes
  2 wargs (Orc:2)
  45 nagas
  5 water moccasins
  2 acid dragons
  4 black bears (D:10)
  36 orc warriors
  A necrophage (D:5)
  An ice beast (D:7)
  7 ogres
  A sky beast (D:6)
  4 wolves (D:10)
  7 centaurs
  A phantom (D:7)
  16 bullfrogs
  A gnoll sergeant (D:10)
  A cane toad simulacrum (Lair:6)
  2 scorpions
  A wyvern zombie (D:8)
  A water moccasin skeleton (D:4)
  An elephant simulacrum (Lair:6)
  5 wights (D:8)
  7 killer bees
  3 howler monkeys
  2 centaur zombies
  A bullfrog zombie (D:5)
  3 hounds
  4 jellies
  A bullfrog skeleton (D:7)
  15 orc priests
  3 gnoll shamans
  26 orc wizards
  6 iguanas
  A howler monkey zombie (D:4)
  22 gnolls
  3 adders
  A shadow imp (D:8)
  A white imp (D:6)
  5 worms
  4 dart slugs
  96 orcs
  9 endoplasms
  3 giant cockroaches
  6 goblins
  9 hobgoblins
  9 kobolds
  4 quokkas
  5 ball pythons
  4 bats
  7 frilled lizards
  6 rats
  A bush (Shoals:2)
  2 tentacles (Shoals:4)
1111 creatures vanquished.

Vanquished Creatures (others)
  An anaconda (Snake:4)
  A merfolk aquamancer (Shoals:4)
  A satyr (Shoals:2)
  A naga sharpshooter (Snake:4)
  A skeletal warrior (D:14)
  A sea snake (Shoals:4)
  A harpy (Shoals:3)
  A black mamba (Lair:6)
  A merfolk (Shoals:3)
  A blink frog (Lair:5)
  A yak (Lair:6)
  A wyvern (Lair:4)
  A gnoll (D:10)
  15 fungi
  82 plants
  14 tentacles (Shoals:4)
  30 withered plants
154 creatures vanquished.

Grand Total: 1265 creatures vanquished

Notes
Turn   | Place    | Note
-------+----------+-------------------------------------------
     0 | D:1      | kae the Draconian Transmuter began the quest for the Orb.
     0 | D:1      | Reached XP level 1. HP: 16/16 MP: 3/3
   525 | D:1      | Reached XP level 2. HP: 23/23 MP: 3/5
  1308 | D:1      | Reached XP level 3. HP: 28/28 MP: 4/6
  1312 | D:1      | Learned a level 3 spell: Spider Form
  1643 | D:2      | Noticed Sigmund
  1656 | D:2      | Gained mutation: You have a pair of small horns on your
                  | head. [potion of mutation]
  1656 | D:2      | Gained mutation: You are robust. (+10% HP) [potion of
                  | mutation]
  1656 | D:2      | Gained mutation: You possess an exceptional clarity of
                  | mind. [potion of mutation]
  1656 | D:2      | Gained mutation: You have a somewhat thin skeletal
                  | structure. (Dex +2, Stealth+) [potion of mutation]
  1893 | D:2      | Killed Sigmund
  1894 | D:2      | Reached skill level 4 in Unarmed Combat
  1894 | D:2      | Reached XP level 4. HP: 38/39 MP: 3/8
  1894 | D:2      | Reached XP level 5. HP: 44/45 MP: 3/9
  2497 | D:3      | Reached XP level 6. HP: 34/55 MP: 7/10
  3669 | D:4      | Reached skill level 5 in Unarmed Combat
  3704 | D:4      | Learned a level 4 spell: Ice Form
  3771 | D:4      | Found an ancient bone altar of Kikubaaqudgha.
  4164 | D:4      | Your scales start taking on a dull iron-grey colour.
  4164 | D:4      | Reached XP level 7. HP: 53/61 MP: 7/11
  4237 | D:4      | Noticed Grinder
  4259 | D:4      | Paralysed by Grinder for 3 turns
  4269 | D:4      | Killed Grinder
  4270 | D:4      | Reached skill level 1 in Ice Magic
  4895 | D:5      | Entered Level 5 of the Dungeon
  5008 | D:5      | Found a staircase to the Ecumenical Temple.
  5032 | Temple   | Entered the Ecumenical Temple
  5039 | Temple   | Became a worshipper of Ru the Awakened
  5274 | D:5      | Found a shimmering altar of Xom.
  5840 | D:5      | Noticed an angel
  5841 | D:5      | Found a glowing silver altar of Zin.
  5855 | D:5      | Reached XP level 8. HP: 69/69 MP: 9/13
  5980 | D:6      | Noticed Maggie
  6076 | D:5      | Reached skill level 6 in Unarmed Combat
  6381 | D:5      | Reached skill level 5 in Transmutations
  6797 | D:6      | Killed Maggie
  6798 | D:6      | Reached XP level 9. HP: 70/79 MP: 12/15
  6894 | D:6      | Learned a level 5 spell: Blade Hands
  7363 | D:7      | Reached skill level 7 in Unarmed Combat
  7367 | D:7      | Gained mutation: You sometimes lose the ability to drink
                  | potions when taking damage. [Ru sacrifice]
  7367 | D:7      | Reached * piety under Ru
  7539 | D:7      | Found a sparkling altar of Nemelex Xobeh.
  7542 | D:7      | Found a shimmering blue altar of Sif Muna.
  7542 | D:7      | Found a stormy altar of Qazlal.
  7546 | D:7      | Found an ornate altar of the Wu Jian Council.
  7569 | D:7      | Reached skill level 5 in Fighting
  8548 | D:8      | Reached skill level 8 in Unarmed Combat
  8550 | D:8      | Reached skill level 5 in Dodging
  8553 | D:8      | Reached skill level 5 in Spellcasting
  8557 | D:8      | Reached XP level 10. HP: 60/90 MP: 14/17
  9103 | D:8      | Noticed a two-headed ogre
  9107 | D:8      | Killed a two-headed ogre
  9970 | D:9      | Reached skill level 9 in Unarmed Combat
  9972 | D:9      | Gained mutation: You are hated by all. [Ru sacrifice]
  9972 | D:9      | Reached ** piety under Ru
  9972 | D:9      | Reached *** piety under Ru
 10456 | D:10     | Entered Level 10 of the Dungeon
 10456 | D:10     | Noticed a two-headed ogre
 10464 | D:10     | Killed a two-headed ogre
 10470 | D:10     | Noticed a two-headed ogre
 10481 | D:10     | Killed a two-headed ogre
 10638 | D:10     | Reached XP level 11. HP: 100/100 MP: 15/19
 11057 | D:10     | Noticed Grum
 11059 | D:10     | Noticed a two-headed ogre
 11076 | D:10     | Killed a two-headed ogre
 11080 | D:10     | Killed Grum
 11395 | D:10     | Noticed a two-headed ogre
 11404 | D:10     | Killed a two-headed ogre
 11405 | D:10     | Reached skill level 10 in Unarmed Combat
 11710 | D:10     | Found a staircase to the Lair.
 11848 | D:11     | Noticed a two-headed ogre
 11860 | D:11     | Killed a two-headed ogre
 12043 | D:11     | Noticed an eight-headed hydra
 12055 | D:11     | Killed an eight-headed hydra
 12143 | D:11     | Noticed a two-headed ogre
 12150 | D:11     | Killed a two-headed ogre
 12151 | D:11     | Reached skill level 10 in Transmutations
 12414 | D:12     | Noticed a rakshasa
 12442 | Lair:1   | Entered Level 1 of the Lair of Beasts
 13343 | Lair:2   | Identified a scroll of acquirement
 13343 | Lair:2   | Acquired the ring "Epucwi Mohu" {rElec AC+4}
 13459 | Lair:2   | Noticed a seven-headed hydra
 13460 | Lair:2   | Noticed a six-headed hydra
 13467 | Lair:2   | Killed a seven-headed hydra
 13468 | Lair:2   | Reached skill level 11 in Unarmed Combat
 13468 | Lair:2   | Reached XP level 12. HP: 110/111 MP: 17/22
 13470 | Lair:2   | Killed a six-headed hydra
 14166 | Lair:2   | Found a staircase to the Shoals.
 15081 | Lair:3   | Noticed a catoblepas
 15262 | Lair:3   | Killed a catoblepas
 15471 | Lair:3   | You fall into a shaft and drop 1 floor!
 15471 | Lair:4   | Found a staircase to the Snake Pit.
 15589 | Lair:4   | Reached skill level 12 in Unarmed Combat
 15780 | Lair:4   | You fall into a shaft and drop 2 floors!
 15780 | Lair:6   | Entered Level 6 of the Lair of Beasts
 15835 | Lair:6   | Found a staircase to the Slime Pits.
 16099 | Lair:4   | Noticed a boulder beetle
 16112 | Lair:4   | Killed a boulder beetle
 16113 | Lair:4   | Reached XP level 13. HP: 122/122 MP: 19/24
 18680 | Lair:5   | Gained mutation: You cannot be stealthy. [Ru sacrifice]
 19229 | Lair:6   | Noticed a dire elephant
 19229 | Lair:6   | Noticed a dire elephant
 19229 | Lair:6   | Noticed a dire elephant
 19231 | Lair:6   | Noticed a dire elephant
 19261 | Lair:6   | Killed a dire elephant
 19298 | Lair:6   | Noticed a dire elephant
 19531 | Lair:6   | Killed a dire elephant
 19532 | Lair:6   | Reached skill level 13 in Unarmed Combat
 19746 | Lair:6   | Noticed lorenzova's ghost (journeyman DECj)
 19759 | Lair:6   | Found a transporter.
 20382 | Lair:6   | Found a transporter.
 20423 | Lair:6   | Reached skill level 10 in Fighting
 21909 | Lair:6   | Killed a dire elephant
 21910 | Lair:6   | Reached XP level 14. HP: 118/133 MP: 21/26
 22788 | D:12     | Gained mutation: You cannot study or use magical devices.
                  | [Ru sacrifice]
 22788 | D:12     | Reached **** piety under Ru
 22788 | D:12     | Reached ***** piety under Ru
 22994 | D:12     | Found an opulent altar of Gozag.
 23073 | D:12     | Found a staircase to the Orcish Mines.
 23900 | D:13     | Reached skill level 14 in Unarmed Combat
 24649 | D:13     | Found a gate to the Vaults.
 25155 | D:13     | Gained mutation: Your magical capacity is low. (-10% MP)
                  | [Ru sacrifice]
 26696 | D:14     | Noticed Josephine
 26709 | D:14     | Killed Josephine
 27388 | D:14     | Found Nyishol's Self-Improvement Boutique.
 27486 | D:14     | Reached skill level 15 in Unarmed Combat
 27865 | D:14     | You fall into a shaft and drop 1 floor!
 27865 | D:15     | Entered Level 15 of the Dungeon
 27895 | D:15     | Reached XP level 15. HP: 18/143 MP: 23/25
 28285 | D:14     | Reached skill level 10 in Dodging
 29262 | D:15     | Found a staircase to the Depths.
 29661 | D:15     | Found a runed translucent door.
 29929 | D:15     | Found a portal to a secret trove of treasure.
 29942 | D:15     | Gained mutation: Your magical capacity is very low. (-20%
                  | MP) [Ru sacrifice]
 29942 | D:15     | Reached ****** piety under Ru
 30273 | Orc:1    | Entered Level 1 of the Orcish Mines
 30571 | Orc:2    | Entered Level 2 of the Orcish Mines
 31084 | Orc:2    | Found a staircase to the Elven Halls.
 31521 | Orc:2    | Noticed an orc warlord
 31576 | Orc:2    | Killed an orc warlord
 31726 | Orc:2    | Found Fimic's Book Boutique.
 32056 | Orc:2    | Found Qovoewum's Antique Armour Boutique.
 32088 | Orc:2    | Found Wam Evib's Antique Weapon Shop.
 32161 | Orc:2    | Found Iphugi's Assorted Antiques.
 32195 | Orc:2    | Bought a ruby potion for 28 gold pieces
 32195 | Orc:2    | Bought a scroll of fear for 112 gold pieces
 32806 | Snake:1  | Entered Level 1 of the Snake Pit
 33712 | Snake:1  | Reached skill level 16 in Unarmed Combat
 33890 | Snake:1  | Found a transporter.
 34378 | Snake:1  | Found a transporter.
 34956 | Snake:1  | Identified the amulet "Mirecw" {Acrobat rElec Int+3}
 34969 | Snake:1  | Identified the amulet of Itifof {Faith rElec rN+ Regen+}
 36230 | Snake:2  | Found Sagg's Distillery.
 37159 | Snake:2  | Reached XP level 16. HP: 102/155 MP: 23/23
 37392 | Snake:2  | Found Pood Wie's Antique Armour Emporium.
 37392 | Snake:2  | Found Rirhepp's Armour Shoppe.
 37400 | Snake:2  | Bought a pair of runed boots for 157 gold pieces
 37410 | Snake:2  | Bought the +0 hat of Fumyqao {Int+2} for 273 gold pieces
 37949 | Snake:3  | Found Viezxyl's Jewellery Shop.
 37949 | Snake:3  | Found Sith's Book Emporium.
 37958 | Snake:3  | Found Peleckum's Book Emporium.
 38201 | Snake:3  | Bought the ring of Puuk {rC+++ AC+4 Dex+2} for 1150 gold
                  | pieces
 38410 | Snake:3  | Reached skill level 15 in Transmutations
 38762 | Snake:4  | Entered Level 4 of the Snake Pit
 39072 | Snake:4  | Reached skill level 17 in Unarmed Combat
 40919 | Snake:4  | Reached skill level 18 in Unarmed Combat
 41121 | Snake:4  | Reached XP level 17. HP: 166/167 MP: 20/24
 41158 | Snake:4  | Got a serpentine rune of Zot
 41899 | Shoals:1 | Entered Level 1 of the Shoals
 41899 | Shoals:1 | Noticed Kirke
 41938 | Lair:2   | Killed Kirke
 41993 | Shoals:1 | Found a transporter.
 42274 | Shoals:1 | Found a transporter.
 42738 | Shoals:1 | Noticed Anon1729's ghost (journeyman DsIE)
 42775 | Shoals:2 | Noticed Polyphemus
 43377 | Shoals:2 | Noticed Nikola
 43556 | Shoals:2 | Killed Nikola
 43770 | Shoals:2 | Identified the +0 animal skin of Circular Logic {*Slow
                  | Int+5}
 43917 | Shoals:2 | Killed Polyphemus
 44683 | Shoals:3 | Reached skill level 19 in Unarmed Combat
 45290 | Shoals:3 | Learned a level 6 spell: Statue Form
 45440 | Shoals:4 | Entered Level 4 of the Shoals
 45448 | Shoals:4 | Noticed a kraken
 45767 | Shoals:4 | Reached skill level 15 in Fighting
 46036 | Shoals:4 | Reached XP level 18. HP: 112/179 MP: 24/24
 46350 | Shoals:4 | Identified the +4 pair of boots "Mellyseg" {Will+++ Stlth+}
 46751 | Shoals:4 | Identified the amulet "Ylofaen" {Reflect rN+ rCorr SH+5}
 46868 | Shoals:4 | Got a barnacled rune of Zot
 46883 | Shoals:4 | Noticed Roxanne
 46898 | Shoals:4 | Killed Roxanne
 48171 | Vaults:1 | Entered Level 1 of the Vaults
 49361 | Vaults:1 | Noticed a golden dragon
 49383 | Vaults:1 | Killed a golden dragon
 49388 | Vaults:1 | HP: 1/178 [large slime creature (11)]
 49833 | Vaults:1 | Found an opulent altar of Gozag.
 49837 | Vaults:1 | Found Gozag's Antique Weapon Boutique.
 49842 | Vaults:1 | Found Gozag's Assorted Antiques.
 49850 | Vaults:1 | Found Gozag's Antique Armour Shop.
 49853 | Vaults:1 | Bought a scroll of magic mapping for 350 gold pieces
 49928 | Vaults:1 | Reached XP level 19. HP: 172/189 MP: 25/25
 50196 | Vaults:1 | Reached skill level 20 in Unarmed Combat
 50490 | Vaults:2 | Noticed Sojobo
 50511 | Vaults:2 | Paralysed by an air elemental for 1 turns
 50659 | Vaults:2 | Paralysed by an air elemental for 1 turns
 50659 | Vaults:2 | HP: 8/187 [ironbound frostheart (3)]
 50659 | Vaults:2 | HP: 3/187 [ironbound frostheart (5)]
 50662 | Vaults:2 | Paralysed by an air elemental for 1 turns
 50663 | Vaults:2 | Shot with a bolt by an orc knight

Illustrated notes

Levels and vault maps discovered:
D:1:      lordsloth_arrival_two_stooges, layout_basic, serial_curves,
          eino_curves_04, eino_curves_03, chequers_serial_rivers_large_a,
          st_stairs_1, serial_bayou_crossing
D:2:      layout_rooms, minmay_misc_feat_diagonals, uniq_sigmund
D:3:      layout_loops_ring
D:4:      layout_basic, nicolae_kikubaaqudgha_miasma_corner,
          roderic_serpentine_path, uniq_grinder
D:5:      layout_cave_pools, grunt_temple_overflow_order_and_chaos_1,
          minmay_temple_entry_stoned_glass
D:6:      layout_basic, uniq_maggie
D:7:      layout_loops_cross, grunt_temple_overflow_open
D:8:      layout_gridville
D:9:      layout_loops_ring, kennysheep_doodads, minmay_misc_feat_chi,
          chequers_serial_rivers_room_b, minmay_stone_trees_small, minivault_16
D:10:     layout_rooms, grunt_lair_entry_orc_guard_hut, enter_bailey_4,
          minivault_10, wad_woods_river_04, minmay_crystal_water, uniq_grum
D:11:     layout_cave_pools
D:12:     minmay_inner_zag, layout_loops_ring, orc_0_dummy,
          grunt_gozag_breadcrumbs
D:13:     layout_grid_maze, erik_vaults_1, special_room [special_room_orc]
D:14:     layout_cave_pods, nicolae_concentric_dashed_squares_mild,
          nicolae_shop_self_help, uniq_josephine
D:15:     gammafunk_depths_entry_grave, layout_gridville, enter_trove_0,
          drop_trap, minmay_st_funbox
Temple:   nicolae_temple_no_exploring_needed
Lair:1:   layout_loops_ring
Lair:2:   layout_concentric_octagons, elwin_shoals_entry_stream,
          beast_lair_carwin_6, infiniplex_staircase_pool, grunt_megastairs_2
Lair:3:   layout_cave_pods
Lair:4:   layout_gridlike, guppyfry_snake_entry_island, minmay_holes,
          grunt_megastairs_3, lemuel_fruit_tree
Lair:5:   layout_cave_pods, serial_bayou_shore_a, lemuel_fruit_fields
Lair:6:   due_jungle_book, layout_cave_pods, nicolae_slime_entry_slimehenge,
          nzn_ghost_randoct
Shoals:1: layout_shoals, gammafunk_ghost_berserking_beasts, uniq_kirke
Shoals:2: argonaut_golden_fleece, layout_shoals, nicolae_shoals_this_corrosion,
          uniq_nikola, uniq_polyphemus
Shoals:3: layout_shoals
Shoals:4: shoals_end_simple, layout_shoals, nicolae_shoals_lost_giant_baths,
          nicolae_shoals_aquamancer_cove, uniq_roxanne
Snake:1:  gammafunk_its_a_trap, layout_basic, serial_bayou_shore_b
Snake:2:  layout_onion, serial_shops, nicolae_shop_competitors_out_of_business,
          minmay_shoptagon
Snake:3:  layout_onion, minmay_shop_grove
Snake:4:  snake_pit, layout_grid_shapes
Orc:1:    layout_caves
Orc:2:    grunt_orc_community_town_hall, layout_diamond_mine,
          grunt_orc_community_big_house_1, grunt_orc_community_big_house_2,
          grunt_orc_community_house_3, grunt_orc_community_house_2,
          grunt_orc_community_house_1, grunt_orc_community_house_1,
          grunt_orc_community_house_3
Vaults:1: vaults_dpeg_ring, ontoclasm_vaults_ring_small, hangedman_vaults_trim,
          grunt_vaults_hallway_short, dpeg_vaults_monster_box,
          kennysheep_vaults_gozag_temple, v_misc_12,
          nicolae_vaults_windows_and_doors_thing, vaults_dpeg_diagonal,
          v_misc_8, v_misc_11, nicolae_vaults_border_crossing,
          layout_vaults_omnicross
Vaults:2: ontoclasm_vaults_decontamination, hangedman_vaults_variations,
          minmay_crypt_entry_nasty_monster, ontoclasm_vaults_eye,
          hangedman_vaults_nodes, serial_ice_b, v_pattern_5,
          hangedman_vaults_maws, v_alt_pattern_1, vaults_room_fours,
          vaults_dpeg_encased_lava, layout_vaults_big_room, uniq_sojobo

Skill      XL: |  1  2  3  4  5  6  7  8  9 10 11 12 13 14 15 16 17 18 19 |
---------------+----------------------------------------------------------+-----
Dodging        | 2 3 4 5 6 7 8 9 11 12 13 14 | 14.0
Fighting       | 2 3 4 5 6 8 9 10 11 12 14 15 16 | 16.4
Unarmed Combat | 4 5 6 8 9 11 12 13 15 16 18 19 20 | 20.0
Poison Magic   | 2 |  2.0
Transmutations | 3 4 5 7 8 10 11 13 14 15 16 18 | 18.5
Spellcasting   | 3 4 5 7 8 9 |  9.1
Ice Magic      | 2 4 |  4.0

Action                   |  1- 3 |  4- 6 |  7- 9 | 10-12 | 13-15 | 16-18 | 19-21 || total
-------------------------+-------+-------+-------+-------+-------+-------+-------++-------
Melee: Unarmed           |    74 |   142 |   271 |   394 |  1168 |  1322 |    84 ||  3455
       Kick              |     8 |    17 |     1 |       |       |       |       ||    26
       Headbutt          |     7 |    13 |    10 |    60 |   221 |   269 |    10 ||   590
       Tailslap          |     3 |    12 |     8 |    41 |   128 |   200 |    12 ||   404
       Punch             |       |     2 |     4 |    16 |    71 |   141 |     6 ||   240
 Cast: Beastly Appendage |    19 |    25 |     1 |       |       |       |       ||    45
       Spider Form       |     2 |    10 |    10 |       |       |       |       ||    22
       Ice Form          |       |       |    15 |     4 |     5 |       |       ||    24
       Blade Hands       |       |       |     4 |    55 |   136 |   125 |     8 ||   328
       Statue Form       |       |       |       |       |       |     3 |       ||     3
Invok: Sacrifice Drink   |       |       |     1 |       |       |       |       ||     1
       Sacrifice Love    |       |       |       |     1 |       |       |       ||     1
       Reject Sacrifices |       |       |       |     1 |       |       |       ||     1
       Draw Out Power    |       |       |       |     1 |     5 |     5 |     1 ||    12
       Sacrifice Stealth |       |       |       |       |     1 |       |       ||     1
       Power Leap        |       |       |       |       |     2 |       |     1 ||     3
       Sacrifice Essence |       |       |       |       |     2 |       |       ||     2
       Sacrifice Artific |       |       |       |       |     1 |       |       ||     1
 Abil: End Transformatio |       |       |       |     1 |       |       |       ||     1
  Use: Scroll            |     1 |     3 |    13 |    13 |     5 |    11 |     1 ||    47
       Potion            |     1 |       |       |       |       |       |       ||     1
 Stab: Sleeping          |       |     2 |     2 |     4 |       |       |       ||     8
       Invisible         |       |       |       |     1 |    13 |    12 |       ||    26
       Paralysed         |       |       |       |       |     8 |     9 |       ||    17
       Distracted        |       |       |       |       |     5 |    13 |       ||    18
Armor: Skin              |    29 |    18 |    60 |   118 |   366 |   482 |    67 ||  1140
Dodge: Dodged            |    72 |    82 |   204 |   340 |   981 |  1004 |    85 ||  2768

Table legend: (Time is in decaauts)
 A = Elapsed time spent in this place.
 B = Non-inter-level travel time spent in this place.
 C = Inter-level travel time spent in this place.
 D = Time resting spent in this place.
 E = Time spent auto-exploring this place.
 F = Levels seen in this place.
 G = Mean time per level.
                   A        B        C        D        E       F      G
               +--------+--------+--------+--------+--------+-----+--------+
         Total |  49904 |  47699 |   2205 |   3923 |  36211 |  34 | 1467.8 |
       Dungeon |  20270 |  19364 |    906 |   1218 |  15477 |  15 | 1351.3 |
        Temple |     14 |      2 |     12 |      0 |      0 |   1 |   14.0 |
          Lair |  10304 |   9670 |    634 |    195 |   8408 |   6 | 1717.3 |
        Shoals |   5917 |   5653 |    264 |    530 |   3623 |   4 | 1479.2 |
     Snake Pit |   8788 |   8530 |    258 |   1651 |   5524 |   4 | 2197.0 |
  Orcish Mines |   2262 |   2165 |     97 |    141 |   1618 |   2 | 1131.0 |
        Vaults |   2345 |   2313 |     32 |    187 |   1561 |   2 | 1172.5 |
               +--------+--------+--------+--------+--------+-----+--------+

Top non-repeatable levels by time:
  Lair:6: 3471 daAuts
 Snake:1: 2962 daAuts
    D:13: 2720 daAuts
 Snake:4: 2608 daAuts
Shoals:4: 2440 daAuts
    D:14: 2175 daAuts
Vaults:1: 2090 daAuts
  Lair:2: 2063 daAuts
 Snake:2: 1933 daAuts
     D:1: 1814 daAuts
   Orc:2: 1666 daAuts
    D:15: 1658 daAuts
     D:5: 1564 daAuts
     D:8: 1406 daAuts
    D:10: 1397 daAuts
